 Dungeon Sprint DCSS version 0.18.1-8-gdd0e5ea (webtiles) character file.

275 pdussiedestroyer the Fighter (level 6, -13/66 HPs)
             Began as a Minotaur Berserker on June 7, 2016.
             Was a Believer of Trog.
             Mangled by a slime creature (20 damage)
             ... in the Dungeon (Sprint I: "Red Sonja").
             The game lasted 00:03:16 (96 turns).

pdussiedestroyer the Fighter (Minotaur Berserker)     Turns: 96, Time: 00:03:17

Health: -13/66     AC:  2    Str: 23    XL:     6   Next: 3%
Magic:  5/5        EV: 14    Int:  4    God:    Trog [**....]
Gold:   162        SH:  0    Dex: 10    Spells: 0 memorised, 5 levels left

rFire  . . .     SeeInvis .     j - +1 dagger (venom) {MY big floppy wenier}
rCold  . . .     Gourm    .     b - +0 animal skin
rNeg   . . .     Faith    .     (no shield)
rPois  .         Spirit   .     (helmet restricted)
rElec  .         Dismiss  .     (no cloak)
rCorr  .         Reflect  .     (no gloves)
SustAt .         Harm     .     (no boots)
MR     .....     NoTele   +     (no amulet)
Stlth  +.........               (no ring)
                                (no ring)

@: not resistant to hostile enchantments, very unstealthy
A: retaliatory headbutt, horns 2
a: Berserk, Trog's Hand, Burn Spellbooks, Renounce Religion


You were in the Dungeon.
You worshipped Trog.
Trog was pleased with you.
You were not hungry.

You visited 1 branch You collected 162 gold pieces.

Inventory:

Hand Weapons
 a - a +0 short sword
 d - a +0 scythe
 j - a +1 dagger of venom (weapon) {MY big floppy wenier}
Armour
 b - a +0 animal skin (worn)
 k - a +0 robe
Scrolls
 i - a scroll of blinking
Potions
 e - a potion of heal wounds
 f - a potion of haste
 g - 2 potions of magic
 h - a potion of berserk rage
Comestibles
 c - a bread ration


   Skills:
 + Level 9.8 Fighting
 + Level 9.2 Short Blades
 + Level 5.1 Armour
 + Level 5.5 Dodging


You had 5 spell levels left.
You didn't know any spells.

Dungeon Overview and Level Annotations

Branches:
Dungeon (1/1)

Altars:
Cheibriados
Dithmenos
Fedhas
Jiyva


Innate Abilities, Weirdness & Mutations

You reflexively headbutt those who attack you in melee.
You have a pair of horns on your head.


Message History

Found four altars.
There is an open door here.
The slime creature hits you but does no damage.
The slime creature hits you!
There is a snail-covered altar of Cheibriados, spattered with blood here.
The slime creature hits you!!
* * * LOW HITPOINT WARNING * * *
There is a shadowy altar of Dithmenos, spattered with blood here.
The slime creature misses you.
There is a snail-covered altar of Cheibriados, spattered with blood here.
The slime creature hits you.
* * * LOW HITPOINT WARNING * * *
There is an open door here.
The slime creature jiggles.
The slime creature closely misses you.
There is an open door here.
The slime creature hits you!
* * * LOW HITPOINT WARNING * * *
The slime creature hits you!!
You die...

###################
#<.#..').#.@J..#__#
#..'†.#..'..#..'..+
#..#####'#####+#__#
#..# #..# #### #..#
#### #..# #⌠⌠# ####


You could see a slime creature.

Vanquished Creatures
  Sigmund (D)
  An ogre (D)
  Ijyb (D)
3 creatures vanquished.

Notes
Turn   | Place    | Note
--------------------------------------------------------------
     0 | D        | pdussiedestroyer the Minotaur Berserker began the quest for the Orb.
     0 | D        | Reached XP level 1. HP: 19/19 MP: 0/0
    14 | D        | Noticed Ijyb
    19 | D        | Killed Ijyb
    19 | D        | Reached skill level 5 in Fighting
    19 | D        | Reached skill level 5 in Short Blades
    19 | D        | Reached XP level 2. HP: 26/29 MP: 1/1
    25 | D        | Noticed an ogre
    29 | D        | Killed an ogre
    29 | D        | Reached XP level 3. HP: 30/39 MP: 2/2
    29 | D        | Reached XP level 4. HP: 37/47 MP: 3/3
    38 | D        | Noticed Sigmund
    47 | D        | Killed Sigmund
    47 | D        | Reached ** piety under Trog
    47 | D        | Reached skill level 5 in Armour
    47 | D        | Reached skill level 5 in Dodging
    47 | D        | Reached XP level 5. HP: 37/58 MP: 4/4
    47 | D        | Reached XP level 6. HP: 42/66 MP: 5/5
    82 | D        | Found a snail-covered altar of Cheibriados.
    82 | D        | Found a viscous altar of Jiyva.
    82 | D        | Found a shadowy altar of Dithmenos.
    82 | D        | Found a blossoming altar of Fedhas.
    82 | D        | Noticed a slime creature
    96 | D        | Mangled by a slime creature

Skill      XL: |  1  2  3  4 |
---------------+-------------+-----
Fighting       | 5 7 9 |  9.8
Short Blades   | 5 7 9 |  9.2
Armour         | 3 4 5 |  5.1
Dodging        | 3 4 5 |  5.5

Action                   |  1- 3 |  4- 6 || total
-------------------------+-------+-------++-------
Melee: Short sword       |     4 |       ||     4
       Headbutt          |     3 |     1 ||     4
       Dagger            |     3 |     6 ||     9
  Use: Potion            |       |     1 ||     1
Armor: Animal skin       |       |     1 ||     1
Dodge: Dodged            |     3 |     4 ||     7
